 Dungeon Crawl Stone Soup version 0.23.0-3-gf3c87f2 (webtiles) character file.

Game seed: 12046264884594054462

189738 vishdafish the Rich (level 18, -4/145 HPs)
             Began as a Gnoll Skald on Feb 19, 2019.
             Was an Initiate of Gozag.
             Slain by an enormous slime creature (53 damage)
             ... on level 1 of the Vaults on Feb 20, 2019.
             The game lasted 01:34:58 (29018 turns).

vishdafish the Rich (Gnoll Skald)                  Turns: 29018, Time: 01:34:59

Health: -4/145     AC: 25    Str: 17    XL:     18   Next: 14%
Magic:  37/37      EV: 16    Int: 27    God:    Gozag
Gold:   1474       SH:  4    Dex: 12    Spells: 30/41 levels left

rFire    + + .     SeeInvis .   N - +4 halberd (elec)
rCold    + . .     Gourm    .   (shield currently unavailable)
rNeg     . . .     Faith    .   X - +5 scale mail of Optimism {rPois Str+3 Int+5 Dex-4}
rPois    +         Spirit   .   b - +2 hat
rElec    +         Reflect  .   e - scarf {rC+ rF+}
rCorr    .         Harm     .   D - +1 pair of gloves
MR       +....                  u - +0 pair of boots {Stlth+}
Stlth    ++++......             f - amulet of regeneration
HPRegen  0.74/turn              E - ring of wizardry
MPRegen  0.25/turn              v - +4 ring of protection

@: marked, singing, gold aura, slowed, very slow
A: distributed training, fangs 1, large bone plates 1, rugged brown scales 1,
fire resistance 1, high mp 1, electricity resistance, strong nose
}: 1/15 runes: gossamer
a: Potion Petition, Call Merchant, Bribe Branch, Renounce Religion


You were on level 1 of the Vaults.
You worshipped Gozag.
Gozag was most pleased with you.
You were not hungry.

You visited 6 branches of the dungeon, and saw 29 of its levels.
You also visited: Sewer, Ossuary and Bailey.

You collected 11305 gold pieces.
You spent 3958 gold pieces at shops.
You paid 5873 gold pieces to Gozag.

Inventory:

Hand Weapons
 w - a +1 long sword of flaming
 N - a +4 halberd of electrocution (weapon)
Missiles
 a - a throwing net
 V - 3 javelins of penetration (quivered)
 W - 4 javelins
Armour
 b - a +2 hat (worn)
 e - a scarf of resistance (worn)
 u - a +0 pair of boots of stealth (worn)
 D - a +1 pair of gloves (worn)
 X - the +5 scale mail of Optimism (worn) {rPois Str+3 Int+5 Dex-4}
   (You found it on level 1 of the Spider Nest)

   It affects your strength (+3).
   It affects your intelligence (+5).
   It affects your dexterity (-4).
   It protects you from poison.
Jewellery
 f - an amulet of regeneration (around neck)
 v - a +4 ring of protection (right hand)
 E - a ring of wizardry (left hand)
 Q - a +4 ring of evasion
Wands
 A - a wand of iceblast (21)
 R - a wand of enslavement (7)
 U - a wand of digging (11)
 Z - a wand of paralysis (5)
Scrolls
 g - 12 scrolls of teleportation
 h - 6 scrolls of fog
 i - 9 scrolls of enchant armour
 o - 10 scrolls of remove curse
 q - 6 scrolls of magic mapping
 t - 3 scrolls of immolation
 x - 3 scrolls of blinking
 y - 4 scrolls of enchant weapon
 B - 5 scrolls of amnesia
 C - a scroll of summoning {unknown}
 G - a scroll of holy word {unknown}
 H - a scroll of fear {unknown}
 I - 6 scrolls of vulnerability
 T - a scroll of brand weapon
Potions
 c - 2 potions of resistance
 j - 8 potions of curing
 l - 6 potions of magic
 m - 2 potions of heal wounds
 n - 11 potions of agility
 p - a potion of mutation
 r - 6 potions of flight
 s - 3 potions of invisibility
 z - a potion of cancellation
 F - 3 potions of berserk rage
 K - 9 potions of might
 M - 3 potions of brilliance
 O - 8 potions of ambrosia
 Y - 2 potions of haste
Miscellaneous
 k - a lamp of fire (inert)
Comestibles
 d - 42 rations


   Skills:
 + Level 12.3 Fighting
 + Level 11.6 Short Blades
 + Level 12.3 Long Blades
 + Level 11.6 Axes
 + Level 11.6 Maces & Flails
 + Level 11.6 Polearms
 + Level 11.6 Staves
 + Level 11.6 Slings
 + Level 11.6 Bows
 + Level 11.6 Crossbows
 + Level 11.6 Throwing
 + Level 11.8 Armour
 + Level 12.3 Dodging
 + Level 11.6 Stealth
 + Level 11.6 Shields
 + Level 11.6 Unarmed Combat
 + Level 12.4 Spellcasting
 + Level 9.9 Conjurations
 + Level 9.9 Hexes
 + Level 11.2 Charms
 + Level 9.9 Summonings
 + Level 9.9 Necromancy
 + Level 9.9 Translocations
 + Level 9.9 Transmutations
 + Level 9.9 Fire Magic
 + Level 9.9 Ice Magic
 + Level 9.9 Air Magic
 + Level 9.9 Earth Magic
 + Level 9.9 Poison Magic
 + Level 12.5 Invocations
 + Level 11.6 Evocations


You had 30 spell levels left.
You knew the following spells:

 Your Spells              Type           Power        Failure   Level  Hunger
a - Infusion              Chrm           ####         1%          1    None
b - Song of Slaying       Chrm           ######..     1%          2    None
c - Shroud of Golubria    Chrm/Tloc      ######....   1%          2    None
d - Spectral Weapon       Hex/Chrm       ######..     1%          3    None
e - Mephitic Cloud        Conj/Pois/Air  ######..     1%          3    None

Your spell library contained the following spells:

 Spells                   Type           Power        Failure   Level  Hunger
 Animate Skeleton         Necr           N/A          1%          1    None
 Apportation              Tloc           ######       1%          1    None
 Confusing Touch          Hex            ######       1%          1    None
 Freeze                   Ice            ####         1%          1    None
 Summon Butterflies       Summ           ######..     1%          1    None
 Summon Small Mammal      Summ           ####         1%          1    None
 Corpse Rot               Necr           N/A          1%          2    None
 Poisonous Vapours        Pois/Air       ######       1%          2    None
 Sublimation of Blood     Necr           ######....   1%          2    None
 Throw Frost              Conj/Ice       ######       1%          2    None
 Call Canine Familiar     Summ           ######..     1%          3    None
 Confuse                  Hex            ######..     1%          3    None
 Conjure Flame            Conj/Fire      ######..     1%          3    None
 Gell's Gravitas          Tloc           ######....   1%          3    None
 Ozocubu's Armour         Chrm/Ice       ######..     1%          3    None
 Regeneration             Chrm/Necr      ######....   1%          3    None
 Petrify                  Tmut/Erth      ######..     1%          4    None
 Summon Ice Beast         Ice/Summ       ######..     1%          4    None
 Throw Icicle             Conj/Ice       ######..     1%          4    None
 Agony                    Necr           ######..     1%          5    ###....
 Bolt of Draining         Conj/Necr      ######....   1%          5    ###....
 Dispel Undead            Necr           ######..     1%          5    ###....
 Excruciating Wounds      Chrm/Necr      ######....   1%          5    ###....
 Metabolic Englaciation   Hex/Ice        ######....   1%          5    ###....
 Summon Mana Viper        Hex/Summ       ######..     1%          5    ###....
 Yara's Violent Unravell  Hex/Tmut       ######....   1%          5    ###....
 Freezing Cloud           Conj/Ice/Air   ######....   9%          6    #####..
 Ring of Flames           Chrm/Fire      ######....   34%         7    ######.
 Summon Hydra             Summ           ######....   43%         7    ######.


Dungeon Overview and Level Annotations

Branches:
Dungeon (15/15)            Temple (1/1) D:5            Lair (6/6) D:8
 Shoals (0/4) Lair:4       Spider (4/4) Lair:2        Slime (0/5) Lair:5
    Orc (2/2) D:9             Elf (0/3) Orc:2        Vaults (1/5) D:13
 Depths (0/5) D:15

Altars:
Ashenzari
Cheibriados
Dithmenos
Elyvilon
Fedhas
Gozag
Hepliaklqana
Kikubaaqudgha
Makhleb
Nemelex Xobeh
Okawaru
Qazlal
Sif Muna
Trog
Uskayaw
Vehumet
Wu Jian
Xom
Yredelemnul
Zin
The Shining One
Beogh
Jiyva

Shops:
D:5 *   D:7 (   D:9 ?   D:10 *[[   D:11 [=   D:15 !   Orc:2 }[%[   Spider:4 *


Innate Abilities, Weirdness & Mutations

Your experience applies equally to all skills.
You have very sharp teeth.
Your uncanny sense of smell can sniff out nearby items.
You are partially covered in large bone plates. (SH +4)
You are partially covered in rugged brown scales. (AC +1, +3% HP)
Your flesh is heat resistant. (rF+)
You have an increased reservoir of magic. (+10% MP)
You are resistant to electric shocks. (rElec)


Message History

The skeletal warrior completely misses you.
A slime creature suddenly becomes an enormous slime creature.
The skeletal warrior hits you but does no damage.
Unknown command.
You slice the enormous slime creature!!
Lightning courses through the enormous slime creature!
The enormous slime creature is lightly wounded.
Your spectral weapon hits the enormous slime creature!!
The enormous slime creature hits you!! The skeletal warrior barely misses you.
Unknown command.
You slice the enormous slime creature!!
The enormous slime creature is moderately wounded.
Your spectral weapon hits the enormous slime creature!
The enormous slime creature hits you but does no damage.
The orc priest mumbles some strange prayers to Beogh against you.
Beogh smites you!
The skeletal warrior hits you from afar with a +0 trident!
The enormous slime creature hits you!!!
You die...
Your body crumbles into a pile of gold.

##### ...#
...# #..#
#..# #∩(#
#@.#
#ozJ(.#
#..o#..#
......#..#
..... #..#
##.## #..#
... ...#
.. ...#


You could see a skeletal warrior, an enormous slime creature, an orc priest, an
orc and a friendly spectral +4 halberd of electrocution.

Vanquished Creatures
  3 emperor scorpions
  3 ghost moths (Spider:4)
  2 stone giants
  3 entropy weavers
  Nessos (Lair:4)
  Snorg (Orc:1)
  2 spark wasps (Spider:4)
  An ettin (Orc:1)
  Josephine (Orc:1)
  A yaktaur captain (D:15)
  An ogre mage (D:15)
  A vault guard (D:13)
  4 hydras
  A catoblepas (D:13)
  A tengu warrior (D:15)
  6 two-headed ogres
  4 centaur warriors
  A queen ant (Spider:3)
  6 death yaks (Lair:5)
  5 orc high priests
  A fire crab (Lair:6)
  Nergalle (Orc:2)
  8 skeletal warriors
  An unseen horror (D:15)
  An ironbrand convoker (Vaults:1)
  Pikel (D:6)
  20 orb spiders
  8 orc knights
  An orc sorcerer (Orc:1)
  4 oklob plants
  2 deep elf magi
  5 cyclopes
  5 ugly things
  2 moths of wrath
  2 manticores
  38 wolf spiders
  7 elephants
  Joseph (D:7)
  3 spiny frogs
  A black mamba (Lair:4)
  A vault sentinel (Vaults:1)
  2 gargoyles
  A torpor snail (Spider:2)
  A yaktaur (D:15)
  6 rime drakes
  8 demonic crawlers
  3 komodo dragons
  A queen bee (D:9)
  16 trolls
  38 jumping spiders
  11 polar bears
  4 tyrant leeches (Spider:2)
  5 blink frogs (Lair:2)
  2 slime creatures (D:13)
  A snapping turtle (Lair:4)
  7 hornets
  3 raiju (Lair:6)
  17 hippogriffs
  77 redbacks
  A shadow (D:13)
  19 tarantellas
  A spriggan (D:7)
  A vampire (D:14)
  28 yaks
  6 wraiths
  3 wyverns
  3 basilisks (Lair:6)
  2 hungry ghosts
  A hog (shapeshifter) (D:13)
  Grum (D:10)
  10 vampire mosquitoes
  7 wargs
  6 soldier ants
  Purgy (Sewer)
  11 water moccasins
  14 hell hounds (Lair:6)
  5 porcupines
  37 orc warriors
  2 hornet zombies
  14 black bears
  An ice beast (D:11)
  A sky beast (D:15)
  A necrophage (D:9)
  A phantom (D:11)
  17 ogres
  An eye of draining (D:11)
  18 wolves
  20 centaurs
  13 crocodiles
  A big kobold (D:8)
  15 bullfrogs
  4 earth elementals (Spider:2)
  A wyvern zombie (D:11)
  3 scorpions
  A wyvern skeleton (D:9)
  29 killer bees
  7 wights
  4 howler monkeys
  A bullfrog zombie (D:11)
  9 crimson imps
  3 centaur zombies
  2 bullfrog skeletons
  A jelly (D:9)
  Crazy Yiuf (D:7)
  19 orc wizards
  32 orc priests
  6 centaur skeletons
  9 hounds
  2 iguanas
  33 worker ants
  A hound zombie (D:8)
  2 howler monkey skeletons
  16 gnolls
  10 adders
  2 shadow imps
  3 oozes
  2 adder skeletons
  4 worms (Lair:2)
  A dart slug (D:4)
  7 leopard geckos
  90 orcs
  2 bats (D:1)
  11 giant cockroaches
  8 goblins
  18 hobgoblins
  8 jackals
  22 kobolds
  7 quokkas
  4 ball pythons
  5 frilled lizards
  8 hobgoblin zombies (Ossuary)
  A jackal skeleton (D:9)
  7 kobold zombies (Ossuary)
  3 leopard gecko skeletons
  2 leopard gecko zombies
  5 orc zombies (Ossuary)
  5 rats
  A plant (Lair:5)
1048 creatures vanquished.

Vanquished Creatures (collateral kills)
  An orc knight (Orc:2)
  A tarantella (Spider:4)
  An orc warrior (Orc:2)
3 creatures vanquished.

Vanquished Creatures (others)
  A catoblepas (D:13)
  A deep elf mage (D:13)
  An orc warrior (Orc:2)
  A slave (D:6)
  A bullfrog (D:6)
  A howler monkey (D:13)
  5 leopard geckos (D:6)
  A giant cockroach (D:6)
  A quokka (D:4)
  4 fungi
  14 plants
  13 spectral weapons
44 creatures vanquished.

Grand Total: 1095 creatures vanquished

Notes
Turn   | Place    | Note
-------+----------+-------------------------------------------
     0 | D:1      | vishdafish the Gnoll Skald began the quest for the Orb.
     0 | D:1      | Reached XP level 1. HP: 20/20 MP: 6/6
   132 | D:1      | Reached XP level 2. HP: 26/26 MP: 7/7
   136 | D:1      | Learned a level 2 spell: Song of Slaying
   139 | D:1      | Learned a level 2 spell: Shroud of Golubria
  1015 | D:2      | Reached XP level 3. HP: 26/31 MP: 9/9
  1019 | D:2      | Reached skill level 5 in Spellcasting
  1481 | D:3      | Reached skill level 1 in Invocations
  1734 | D:3      | Reached skill level 1 in Short Blades
  1734 | D:3      | Reached skill level 1 in Axes
  1734 | D:3      | Reached skill level 1 in Maces & Flails
  1734 | D:3      | Reached skill level 1 in Polearms
  1734 | D:3      | Reached skill level 1 in Staves
  1734 | D:3      | Reached skill level 1 in Slings
  1734 | D:3      | Reached skill level 1 in Bows
  1734 | D:3      | Reached skill level 1 in Crossbows
  1734 | D:3      | Reached skill level 1 in Throwing
  1734 | D:3      | Reached skill level 1 in Stealth
  1734 | D:3      | Reached skill level 1 in Shields
  1734 | D:3      | Reached skill level 1 in Unarmed Combat
  1734 | D:3      | Reached skill level 1 in Evocations
  1734 | D:3      | Reached XP level 4. HP: 38/38 MP: 11/11
  2114 | D:4      | Reached skill level 1 in Conjurations
  2114 | D:4      | Reached skill level 1 in Hexes
  2114 | D:4      | Reached skill level 1 in Summonings
  2114 | D:4      | Reached skill level 1 in Necromancy
  2114 | D:4      | Reached skill level 1 in Translocations
  2114 | D:4      | Reached skill level 1 in Transmutations
  2114 | D:4      | Reached skill level 1 in Fire Magic
  2114 | D:4      | Reached skill level 1 in Ice Magic
  2114 | D:4      | Reached skill level 1 in Air Magic
  2114 | D:4      | Reached skill level 1 in Earth Magic
  2114 | D:4      | Reached skill level 1 in Poison Magic
  2141 | D:4      | Reached XP level 5. HP: 43/43 MP: 8/12
  2182 | D:4      | Found a white marble altar of Elyvilon.
  2333 | D:4      | Reached XP level 6. HP: 30/50 MP: 13/13
  2728 | D:4      | Reached skill level 5 in Fighting
  2728 | D:4      | Reached skill level 5 in Long Blades
  2728 | D:4      | Reached skill level 5 in Dodging
  3154 | D:5      | Entered Level 5 of the Dungeon
  3185 | D:5      | Found a basalt altar of Yredelemnul.
  3350 | D:5      | Found a staircase to the Ecumenical Temple.
  3360 | D:5      | Reached XP level 7. HP: 40/56 MP: 15/15
  3367 | Temple   | Entered the Ecumenical Temple
  3439 | Temple   | Became a worshipper of Gozag Ym Sagoz the Greedy
  3500 | D:5      | Found Qotyreolos's Lightly-Used Armoury.
  3875 | D:6      | Found a glowing drain.
  3892 | Sewer    | Entered a sewer
  3962 | Sewer    | Noticed Purgy
  3969 | Sewer    | Killed Purgy
  4072 | D:6      | Noticed Pikel
  4105 | D:6      | Killed Pikel
  4105 | D:6      | Reached XP level 8. HP: 52/63 MP: 14/16
  4187 | D:6      | Found a sand-covered staircase.
  4196 | Ossuary  | Entered an ossuary
  5173 | D:7      | Found a runed translucent door.
  5174 | D:7      | Noticed Crazy Yiuf
  5277 | D:7      | Noticed a spriggan baker
  5286 | D:7      | Killed a spriggan baker
  5286 | D:7      | Reached XP level 9. HP: 69/69 MP: 12/18
  5603 | D:7      | Noticed Joseph
  5620 | D:7      | Killed Joseph
  5641 | D:7      | Reached skill level 5 in Armour
  5816 | D:7      | Found Vejohin's Weapon Shoppe.
  6103 | D:7      | Killed Crazy Yiuf
  6361 | D:8      | Reached skill level 5 in Invocations
  6515 | D:8      | Reached XP level 10. HP: 51/77 MP: 10/20
  6732 | D:8      | Reached skill level 5 in Short Blades
  6732 | D:8      | Reached skill level 5 in Axes
  6732 | D:8      | Reached skill level 5 in Maces & Flails
  6732 | D:8      | Reached skill level 5 in Polearms
  6732 | D:8      | Reached skill level 5 in Staves
  6732 | D:8      | Reached skill level 5 in Slings
  6732 | D:8      | Reached skill level 5 in Bows
  6732 | D:8      | Reached skill level 5 in Crossbows
  6732 | D:8      | Reached skill level 5 in Throwing
  6732 | D:8      | Reached skill level 5 in Stealth
  6732 | D:8      | Reached skill level 5 in Shields
  6732 | D:8      | Reached skill level 5 in Unarmed Combat
  6732 | D:8      | Reached skill level 5 in Evocations
  6983 | D:8      | Found a staircase to the Lair.
  7025 | D:9      | Found a staircase to the Orcish Mines.
  7025 | D:9      | Found a flagged portal.
  7033 | Bailey   | Entered a bailey
  7305 | Bailey   | Noticed an orc knight
  7319 | Bailey   | Killed an orc knight
  7918 | D:9      | Noticed an oklob plant
  7929 | D:9      | Killed an oklob plant
  7941 | D:9      | Found a sparkling altar of Nemelex Xobeh.
  8060 | D:9      | Found Gitt's Magic Scroll Shop.
  8063 | D:9      | Bought a scroll of identify for 28 gold pieces
  8063 | D:9      | Bought a scroll of vulnerability for 105 gold pieces
  8063 | D:9      | Bought a scroll of brand weapon for 280 gold pieces
  8063 | D:9      | Bought a scroll of identify for 28 gold pieces
  8063 | D:9      | Bought a scroll of teleportation for 42 gold pieces
  8238 | D:9      | Found a stormy altar of Qazlal.
  8238 | D:9      | Found a blossoming altar of Fedhas.
  8243 | D:9      | Found a faded altar of an unknown god.
  8245 | D:9      | Found an ornate altar of the Wu Jian Council.
  8246 | D:9      | Found a deep blue altar of Sif Muna.
  8401 | D:9      | Reached XP level 11. HP: 80/84 MP: 22/22
  8809 | D:10     | Entered Level 10 of the Dungeon
  8872 | D:10     | Reached skill level 5 in Conjurations
  8872 | D:10     | Reached skill level 5 in Hexes
  8872 | D:10     | Reached skill level 5 in Summonings
  8872 | D:10     | Reached skill level 5 in Necromancy
  8872 | D:10     | Reached skill level 5 in Translocations
  8872 | D:10     | Reached skill level 5 in Transmutations
  8872 | D:10     | Reached skill level 5 in Fire Magic
  8872 | D:10     | Reached skill level 5 in Ice Magic
  8872 | D:10     | Reached skill level 5 in Air Magic
  8872 | D:10     | Reached skill level 5 in Earth Magic
  8872 | D:10     | Reached skill level 5 in Poison Magic
  9383 | D:10     | Noticed Grum
  9399 | D:10     | Killed Grum
  9580 | D:10     | Learned a level 3 spell: Spectral Weapon
  9679 | D:11     | Found Ihaorauplu's Armour Shop.
  9825 | D:11     | Noticed a manticore
  9847 | D:11     | Killed a manticore
  9975 | D:11     | Gained mutation: Your flesh is heat resistant. (rF+)
                  | [potion of mutation]
  9975 | D:11     | Gained mutation: You do not regenerate when monsters are
                  | visible. [potion of mutation]
  9975 | D:11     | Gained mutation: You have an increased reservoir of magic.
                  | (+10% MP) [potion of mutation]
  9975 | D:11     | Gained mutation: You are agile. (Dex +2) [potion of
                  | mutation]
  9976 | D:11     | Lost mutation: Your flesh is heat resistant. (rF+) [potion
                  | of mutation]
  9976 | D:11     | Lost mutation: You are agile. (Dex +2) [potion of mutation]
  9976 | D:11     | Lost mutation: You do not regenerate when monsters are
                  | visible. [potion of mutation]
  9976 | D:11     | Gained mutation: You are resistant to electric shocks.
                  | (rElec) [potion of mutation]
  9976 | D:11     | Gained mutation: You are partially covered in large bone
                  | plates. (SH +4) [potion of mutation]
  9976 | D:11     | Gained mutation: You are partially covered in rugged brown
                  | scales. (AC +1, +3% HP) [potion of mutation]
  9976 | D:11     | Gained mutation: Your flesh is heat resistant. (rF+)
                  | [potion of mutation]
 10107 | D:11     | Found Faeffesh's Jewellery Shop.
 10108 | D:11     | Noticed a green ugly thing
 10114 | D:11     | Killed a green ugly thing
 10626 | D:12     | Noticed a cyclops
 10634 | D:12     | Killed a cyclops
 10634 | D:12     | Reached XP level 12. HP: 90/95 MP: 26/26
 11110 | D:12     | Noticed a two-headed ogre
 11119 | D:12     | Killed a two-headed ogre
 11272 | D:12     | You fall through a shaft for 3 floors!
 11272 | D:15     | Entered Level 15 of the Dungeon
 11477 | D:14     | Noticed a seven-headed hydra
 11484 | D:14     | Killed a seven-headed hydra
 11583 | D:14     | Noticed a centaur warrior
 11604 | D:14     | Killed a centaur warrior
 12097 | Lair:1   | Entered Level 1 of the Lair of Beasts
 12951 | Lair:2   | Found a hole to the Spider Nest.
 13583 | Lair:3   | Reached XP level 13. HP: 73/104 MP: 25/28
 14202 | Lair:3   | You fall through a shaft for 2 floors!
 14602 | Lair:4   | Learned a level 3 spell: Mephitic Cloud
 14939 | Lair:4   | Noticed Nessos
 14945 | Lair:4   | Killed Nessos
 15120 | Lair:4   | Found a staircase to the Shoals.
 15434 | Lair:5   | You fall through a shaft!
 15434 | Lair:6   | Entered Level 6 of the Lair of Beasts
 15554 | Lair:5   | Found a staircase to the Slime Pits.
 15555 | Lair:5   | Found a viscous altar of Jiyva.
 15716 | Lair:5   | Found a basalt altar of Yredelemnul.
 15814 | Lair:5   | Found a sparkling altar of Nemelex Xobeh.
 16644 | Lair:6   | Reached skill level 10 in Spellcasting
 16797 | Lair:6   | Reached XP level 14. HP: 102/112 MP: 30/30
 16825 | Lair:6   | Reached skill level 10 in Fighting
 16825 | Lair:6   | Reached skill level 10 in Long Blades
 16825 | Lair:6   | Reached skill level 10 in Dodging
 16825 | Lair:6   | Reached XP level 15. HP: 118/118 MP: 30/32
 17540 | Lair:6   | Reached skill level 10 in Invocations
 18279 | D:10     | Bought a sack of spiders for 360 gold pieces
 18279 | D:10     | Bought a potion of ambrosia for 144 gold pieces
 18283 | D:10     | Bought an ancient scale mail for 261 gold pieces
 18295 | D:10     | Identified the +5 scale mail "Icoekhid" {rN+ MR- Int+2}
                  | (You bought it in a shop on level 10 of the Dungeon)
 18308 | D:10     | Bought a crude chain mail for 266 gold pieces
 18322 | D:10     | Identified the +5 chain mail of Dosoresh {-Tele rElec
                  | Regen+ Dex+4} (You bought it in a shop on level 10 of the
                  | Dungeon)
 18374 | Orc:1    | Entered Level 1 of the Orcish Mines
 18910 | Orc:1    | Noticed Josephine
 18921 | Orc:1    | Killed Josephine
 18995 | Orc:2    | Entered Level 2 of the Orcish Mines
 19270 | Orc:2    | Reached skill level 10 in Armour
 19356 | Orc:1    | Found a roughly hewn altar of Beogh.
 19356 | Orc:1    | Noticed Snorg
 19357 | Orc:1    | Noticed Nergalle
 19768 | Orc:2    | Found Puzur's Gadget Shoppe.
 19769 | Orc:2    | Found Zugygor's Food Emporium.
 19769 | Orc:2    | Found Noicenumi's Antique Armour Shoppe.
 19770 | Orc:2    | Found Hatim's Armour Shoppe.
 19780 | Orc:2    | Bought a wand of iceblast (10) for 224 gold pieces
 19780 | Orc:2    | Bought a wand of acid (13) for 544 gold pieces
 19780 | Orc:2    | Bought a wand of iceblast (11) for 240 gold pieces
 19780 | Orc:2    | Bought a wand of iceblast (5) for 144 gold pieces
 20027 | Orc:2    | Found a staircase to the Elven Halls.
 20218 | Orc:2    | Killed Nergalle
 20218 | Orc:2    | Reached skill level 10 in Charms
 20277 | Orc:1    | Killed Snorg
 20573 | D:13     | Reached XP level 16. HP: 119/127 MP: 34/34
 20720 | D:13     | Reached skill level 10 in Short Blades
 20720 | D:13     | Reached skill level 10 in Axes
 20720 | D:13     | Reached skill level 10 in Maces & Flails
 20720 | D:13     | Reached skill level 10 in Polearms
 20720 | D:13     | Reached skill level 10 in Staves
 20720 | D:13     | Reached skill level 10 in Slings
 20720 | D:13     | Reached skill level 10 in Bows
 20720 | D:13     | Reached skill level 10 in Crossbows
 20720 | D:13     | Reached skill level 10 in Throwing
 20720 | D:13     | Reached skill level 10 in Stealth
 20720 | D:13     | Reached skill level 10 in Shields
 20720 | D:13     | Reached skill level 10 in Unarmed Combat
 20720 | D:13     | Reached skill level 10 in Evocations
 20760 | D:13     | Found a shimmering altar of Xom.
 21001 | D:13     | Paralysed by a hornet for 1 turns
 21125 | D:13     | Found a gate to the Vaults.
 23061 | D:15     | Found a staircase to the Depths.
 23230 | D:15     | Bought a potion of curing for 60 gold pieces
 23230 | D:15     | Bought a potion of agility for 80 gold pieces
 23230 | D:15     | Bought a potion of agility for 80 gold pieces
 23230 | D:15     | Bought a potion of lignification for 60 gold pieces
 23230 | D:15     | Bought a potion of curing for 60 gold pieces
 23230 | D:15     | Bought a potion of heal wounds for 100 gold pieces
 23230 | D:15     | Bought a potion of might for 80 gold pieces
 23230 | D:15     | Bought a potion of curing for 60 gold pieces
 23230 | D:15     | Bought 2 potions of agility for 160 gold pieces
 23230 | D:15     | Bought a potion of invisibility for 160 gold pieces
 23232 | D:15     | Bought a potion of brilliance for 80 gold pieces
 23451 | Spider:1 | Entered Level 1 of the Spider Nest
 24023 | Spider:1 | Got a bloodstained scale mail
 24034 | Spider:1 | Identified the +5 scale mail of Optimism {rPois Str+3 Int+5
                  | Dex-4} (You found it on level 1 of the Spider Nest)
 25158 | Spider:2 | Reached XP level 17. HP: 86/135 MP: 34/36
 26736 | Spider:4 | Entered Level 4 of the Spider Nest
 27266 | Spider:3 | Got a spiked ring mail
 27277 | Spider:3 | Identified the cursed +1 ring mail "Ittoom" {Str+3} (You
                  | found it on level 3 of the Spider Nest)
 28324 | Spider:4 | Reached XP level 18. HP: 117/144 MP: 0/37
 28569 | Spider:4 | Got a gossamer rune of Zot
 28712 | Spider:4 | Bought a potion of haste for 260 gold pieces
 28712 | Spider:4 | Bought a scroll labeled ZYVABL ELYWN for 26 gold pieces
 28712 | Spider:4 | Bought a scroll labeled HEUPRIKOYT for 26 gold pieces
 28715 | Spider:4 | Identified a scroll of acquirement
 28974 | Vaults:1 | Entered Level 1 of the Vaults
 29018 | Vaults:1 | Slain by an enormous slime creature

Skill      XL: |  1  2  3  4  5  6  7  8  9 10 11 12 13 14 15 16 17 |
---------------+----------------------------------------------------+-----
Spellcasting   | 5 6 7 8 9 10 11 12 | 12.4
Invocations    | 1 2 3 4 5 6 7 8 9 10 11 12 | 12.5
Short Blades   | 1 2 3 4 5 6 7 8 9 10 11 | 11.6
Axes           | 1 2 3 4 5 6 7 8 9 10 11 | 11.6
Maces & Flails | 1 2 3 4 5 6 7 8 9 10 11 | 11.6
Polearms       | 1 2 3 4 5 6 7 8 9 10 11 | 11.6
Staves         | 1 2 3 4 5 6 7 8 9 10 11 | 11.6
Slings         | 1 2 3 4 5 6 7 8 9 10 11 | 11.6
Bows           | 1 2 3 4 5 6 7 8 9 10 11 | 11.6
Crossbows      | 1 2 3 4 5 6 7 8 9 10 11 | 11.6
Throwing       | 1 2 3 4 5 6 7 8 9 10 11 | 11.6
Stealth        | 1 2 3 4 5 6 7 8 9 10 11 | 11.6
Shields        | 1 2 3 4 5 6 7 8 9 10 11 | 11.6
Unarmed Combat | 1 2 3 4 5 6 7 8 9 10 11 | 11.6
Evocations     | 1 2 3 4 5 6 7 8 9 10 11 | 11.6
Conjurations   | 1 2 3 4 5 6 7 8 9 |  9.9
Hexes          | 1 2 3 4 5 6 7 8 9 |  9.9
Summonings     | 1 2 3 4 5 6 7 8 9 |  9.9
Necromancy     | 1 2 3 4 5 6 7 8 9 |  9.9
Translocations | 1 2 3 4 5 6 7 8 9 |  9.9
Transmutations | 1 2 3 4 5 6 7 8 9 |  9.9
Fire Magic     | 1 2 3 4 5 6 7 8 9 |  9.9
Ice Magic      | 1 2 3 4 5 6 7 8 9 |  9.9
Air Magic      | 1 2 3 4 5 6 7 8 9 |  9.9
Earth Magic    | 1 2 3 4 5 6 7 8 9 |  9.9
Poison Magic   | 1 2 3 4 5 6 7 8 9 |  9.9
Armour         | 3 4 5 6 7 8 9 10 11 | 11.8
Fighting       | 5 6 7 8 9 10 11 12 | 12.3
Long Blades    | 5 6 7 8 9 10 11 12 | 12.3
Dodging        | 5 6 7 8 9 10 11 12 | 12.3
Charms         | 6 7 8 9 10 11 | 11.2

Action                   |  1- 3 |  4- 6 |  7- 9 | 10-12 | 13-15 | 16-18 || total
-------------------------+-------+-------+-------+-------+-------+-------++-------
Melee: Falchion          |    71 |       |       |       |       |       ||    71
       Bite              |    14 |    17 |    31 |    58 |   108 |   100 ||   328
       Long sword        |     6 |   119 |   302 |    56 |     9 |       ||   492
       Punch             |       |     1 |     5 |       |       |       ||     6
       Halberd           |       |       |       |   609 |   954 |   999 ||  2562
Throw: Javelin           |       |       |     6 |    47 |    17 |    31 ||   101
       Tomahawk          |       |       |       |    84 |       |       ||    84
       Throwing net      |       |       |       |       |       |     2 ||     2
 Cast: Song of Slaying   |       |     3 |     9 |    21 |    26 |    36 ||    95
       Shroud of Golubri |       |     1 |     3 |     6 |     8 |       ||    18
       Infusion          |       |       |     8 |     6 |     5 |       ||    19
       Spectral Weapon   |       |       |       |     4 |    18 |    40 ||    62
       Mephitic Cloud    |       |       |       |       |     2 |       ||     2
Invok: Potion Petition   |       |       |       |     1 |     1 |     1 ||     3
       Call Merchant     |       |       |       |       |     3 |     2 ||     5
Evoke: Wand              |       |       |     4 |    39 |    49 |    40 ||   132
       Sack of spiders   |       |       |       |       |     2 |     2 ||     4
       Lamp of fire      |       |       |       |       |       |     2 ||     2
  Use: Scroll            |       |     7 |     2 |     8 |     5 |     8 ||    30
       Potion            |       |     1 |       |     4 |    11 |    11 ||    27
 Stab: Sleeping          |     1 |     5 |     3 |    20 |     7 |    13 ||    49
       Distracted        |       |       |     1 |     1 |     9 |    13 ||    24
       Paralysed         |       |       |    10 |     4 |       |    12 ||    26
       Confused          |       |       |       |       |     3 |       ||     3
       Invisible         |       |       |       |       |     5 |       ||     5
       Held in net/web   |       |       |       |       |     1 |     2 ||     3
       Petrifying        |       |       |       |       |       |     1 ||     1
  Eat: Chunk             |     2 |     5 |       |       |       |       ||     7
       Ration            |       |       |     3 |    10 |     7 |     8 ||    28
Armor: Leather armour    |    21 |    18 |       |       |       |       ||    39
       Scale mail        |       |    29 |   173 |   388 |   244 |   416 ||  1250
       Chain mail        |       |       |       |       |   263 |   263 ||   526
Dodge: Dodged            |    50 |    80 |   234 |   574 |   726 |   795 ||  2459
Block: Other             |       |       |       |    48 |   178 |   184 ||   410
       Rpst.: Falchion   |    17 |       |       |       |       |       ||    17
       Long sword        |       |    29 |    59 |     8 |       |       ||    96
